 Dungeon Crawl Stone Soup version 0.23-a0-550-g7de1f8e (webtiles) character file.

6514 Geeful the Geomancer (level 11, -10/61 HPs)
             Began as an Octopode Earth Elementalist on Dec 8, 2018.
             Was a Priest of Nemelex Xobeh.
             Mangled by a hornet (11 damage)
             ... on level 11 of the Dungeon.
             The game lasted 00:47:29 (10274 turns).

Geeful the Geomancer (Octopode Earth Elementalist) Turns: 10274, Time: 00:47:30

Health: -10/61     AC:  3    Str:  8 (9)  XL:     11   Next: 0%
Magic:  18/22      EV: 23    Int: 21 (22) God:    Nemelex Xobeh [***...]
Gold:   609        SH:  0    Dex: 14 (17) Spells: 10/25 levels left

rFire    . . .     SeeInvis +   r - staff of wizardry
rCold    . . .     Gourm    .   (no shield)
rNeg     . . .     Faith    .   (helmet restricted)
rPois    .         Spirit   .   (no amulet)
rElec    .         Reflect  .   d - ring of resist corrosion
rCorr    +         Harm     .   z - ring of see invisible
MR       .....                  (no ring)
Stlth    +++++.....             (no ring)
HPRegen  0.60/turn              (no ring)
MPRegen  0.18/turn              (no ring)
                                (no ring)
                                (no ring)

@: agile, lethally poisoned (-10 -> -10), flying, slowed, very slow
A: almost no armour, stealthy swim, amphibious, 8 rings, constrict 8, thin
metallic scales 1, camouflage 1, clever 1, regeneration 1, gelatinous body 1
a: Triple Draw, Renounce Religion


You were on level 11 of the Dungeon.
You worshipped Nemelex Xobeh.
Nemelex Xobeh was most pleased with you.
You were hungry.

You visited 2 branches of the dungeon, and saw 12 of its levels.

You collected 609 gold pieces.

Inventory:

Hand Weapons
 i - a +1 dagger of speed
 t - a +0 flail of draining
 D - a +4 dagger of venom
Missiles
 a - 3 throwing nets
 b - 275 stones (quivered)
 u - 7 curare-tipped needles
Armour
 v - a +2 shield
Magical Staves
 r - an uncursed staff of wizardry (weapon)
Jewellery
 d - a ring of resist corrosion (left tentacle)
 g - an uncursed ring of fire
 z - a ring of see invisible (right tentacle)
Wands
 n - a wand of iceblast (4)
 o - a wand of flame (25)
 C - a wand of polymorph (5)
 E - a wand of disintegration (17)
Scrolls
 e - a scroll of teleportation
 j - 2 scrolls of remove curse
 k - 4 scrolls of fog
 x - 2 scrolls of immolation
 y - 2 scrolls of magic mapping
 F - 3 scrolls of identify
Potions
 f - a potion of mutation
 l - a potion of might
 m - a potion of brilliance
Miscellaneous
 s - a plain deck of escape {drawn: 1}
 G - a plain deck of destruction {drawn: 3}
Comestibles
 c - 20 rations
 B - 5 chunks of flesh


   Skills:
 + Level 8.5 Dodging
 - Level 4.7 Stealth
 + Level 7.8 Spellcasting
 - Level 1.0 Transmutations
 + Level 8.8 Earth Magic
 + Level 8.3 Invocations


You had 10 spell levels left.
You knew the following spells:

 Your Spells              Type           Power        Failure   Level  Hunger
a - Sandblast             Erth           #####.       1%          1    None
b - Passwall              Tmut/Erth      ####....     1%          2    None
c - Stone Arrow           Conj/Erth      ####..       1%          3    None
d - Lee's Rapid Deconstr  Erth           #####.....   2%          5    #####..
e - Petrify               Tmut/Erth      ####....     4%          4    ###....

Your spell library contained the following spells:

 Spells                   Type           Power        Failure   Level  Hunger
 Flame Tongue             Conj/Fire      #....        3%          1    None
 Throw Flame              Conj/Fire      #.....       4%          2    None
 Spider Form              Tmut/Pois      ##........   9%          3    None
 Conjure Flame            Conj/Fire      #.......     10%         3    None
 Inner Flame              Hex/Fire       #.......     10%         3    None
 Sticky Flame             Conj/Fire      #.......     32%         4    ###....
 Alistair's Intoxication  Tmut/Pois      ##......     56%         5    #####..
 Fireball                 Conj/Fire      #.........   63%         5    #####..
 Conjure Ball Lightning   Conj/Air       #.........   99%         6    ######.
 Deflect Missiles         Chrm/Air       #.........   99%         6    ######.


Dungeon Overview and Level Annotations

Branches:
Dungeon (11/15)            Temple (1/1) D:4            Lair (0/6) D:10
    Orc (0/2) D:9

Altars:
Ashenzari
Cheibriados
Dithmenos
Elyvilon
Fedhas
Gozag
Hepliaklqana
Kikubaaqudgha
Makhleb
Nemelex Xobeh
Okawaru
Qazlal
Ru
Sif Muna
Trog
Uskayaw
Vehumet
Wu Jian
Xom
Yredelemnul
Zin
The Shining One

Shops:
D:5 !

Portals:
Trove: D:10 (give +6 demon trident)


Innate Abilities, Weirdness & Mutations

You cannot wear most types of armour.
You are very stealthy in the water. (Stealth+)
You are amphibious.
You can wear up to eight rings at the same time.
You can use your tentacles to constrict eight enemies at once.
Your skin changes colour to match your surroundings (Stealth+).
Your rubbery body absorbs attacks. (AC +1, EV +1)
You are partially covered in thin metallic scales. (AC +2)
Your mind is acute. (Int +2)
Your natural rate of healing is unusually fast.


Message History

The hornet barely misses you.
You feel sick. The hornet stings you.
* * * LOW HITPOINT WARNING * * *
You feel as though you will be slow longer.
Items here: ))) [ † a +0 dagger; a +0 robe; a +0 giant club x2; an orc corpse It was a potion of agility.
You feel agile all of a sudden.
You feel sick. The hornet completely misses you. x2
It was a potion of flight.
You feel very buoyant.
You fly up into the air.
* * * LOW HITPOINT WARNING * * *
You feel sick. The hornet completely misses you. x3
It was a potion of degeneration.
There was something very wrong with that liquid.
You feel weakened.
You feel dopey.
You feel clumsy.
You feel sick. The hornet stings you!
You die...
Your body disappears without a glow.

## ....... ..
....".. #.
....... ####.
....... #..#.##
.......
#....###§§....!
###.
#...§.......
#..<##..@y§§...#
#....#......#
##..##..#.....
#..<#...# ....
#..#.......#..
#............ .
#.#.####.#.... #
## .###.#.. ..


You could see a hornet.

Vanquished Creatures
  A two-headed ogre (D:11)
  A gargoyle (D:10)
  A guardian mummy (D:10)
  A troll (D:10)
  A hippogriff (D:8)
  Sigmund (D:6)
  A spriggan (D:9)
  A steam dragon (D:9)
  A porcupine (D:10)
  5 orc warriors
  5 black bears
  2 ice beasts
  2 ogres
  A necrophage (D:10)
  3 centaurs
  A big kobold (D:8)
  6 bullfrogs
  A gnoll sergeant (D:9)
  3 scorpions
  2 wights (D:10)
  4 howler monkeys
  An electric eel (D:6)
  A crimson imp (D:6)
  3 hounds
  5 orc priests
  2 centaur skeletons
  3 iguanas
  9 orc wizards
  7 worker ants
  Terence (D:2)
  A hound skeleton (D:9)
  A howler monkey zombie (D:8)
  Robin (D:3)
  4 adders
  11 gnolls
  3 shadow imps
  2 oozes
  An adder zombie (D:3)
  4 worms
  A dart slug (D:3)
  7 leopard geckos
  39 orcs
  8 bats
  4 giant cockroaches
  11 goblins
  8 hobgoblins
  2 jackals (D:3)
  3 quokkas
  5 frilled lizards
  A jackal skeleton (D:4)
  A jackal zombie (D:5)
  9 kobolds
  A leopard gecko zombie (D:3)
  11 rats
215 creatures vanquished.

Vanquished Creatures (collateral kills)
  A guardian mummy (D:10)
  A troll (D:10)
  Edmund (D:4)
  2 orc warriors
  A tengu (D:10)
  4 killer bees (D:7)
  A howler monkey (D:4)
  3 wights (D:10)
  A bullfrog zombie (D:10)
  A hound (D:7)
  3 orc priests (D:6)
  An orc wizard (D:9)
  An iguana (D:10)
  A gnoll (D:10)
  A leopard gecko (D:10)
  2 orcs
  A kobold (D:10)
26 creatures vanquished.

Vanquished Creatures (others)
  5 fungi (D:10)
  A plant (D:10)
6 creatures vanquished.

Grand Total: 247 creatures vanquished

Notes
Turn   | Place    | Note
-------+----------+-------------------------------------------
     0 | D:1      | Geeful the Octopode Earth Elementalist began the quest for
                  | the Orb.
     0 | D:1      | Reached XP level 1. HP: 11/11 MP: 3/3
   288 | D:1      | Reached XP level 2. HP: 10/17 MP: 5/5
   535 | D:1      | Gained mutation: Your natural rate of healing is unusually
                  | fast. [potion of mutation]
   535 | D:1      | Gained mutation: Your mind is acute. (Int +2) [potion of
                  | mutation]
   535 | D:1      | Gained mutation: You are partially covered in thin metallic
                  | scales. (AC +2) [potion of mutation]
  1013 | D:2      | Learned a level 2 spell: Passwall
  1013 | D:2      | Found a shadowy altar of Dithmenos.
  1015 | D:2      | Noticed Terence
  1018 | D:2      | Found a shattered altar of Ashenzari.
  1018 | D:2      | Found an iron altar of Okawaru.
  1053 | D:2      | Killed Terence
  1053 | D:2      | Reached XP level 3. HP: 15/21 MP: 1/6
  1138 | D:2      | Found an iron altar of Okawaru.
  1607 | D:3      | Reached XP level 4. HP: 27/27 MP: 7/7
  2075 | D:3      | Reached XP level 5. HP: 31/31 MP: 9/9
  2333 | D:3      | Noticed Robin
  2337 | D:3      | Killed Robin
  2537 | D:4      | Found a staircase to the Ecumenical Temple.
  2565 | Temple   | Entered the Ecumenical Temple
  2659 | Temple   | Became a worshipper of Nemelex Xobeh the Trickster
  2676 | D:4      | Learned a level 3 spell: Stone Arrow
  2691 | D:4      | Reached XP level 6. HP: 29/36 MP: 10/10
  2855 | D:4      | Reached skill level 1 in Invocations
  2874 | D:4      | Received a gift from Nemelex Xobeh
  3030 | D:4      | Reached XP level 7. HP: 34/41 MP: 12/12
  3144 | D:4      | Noticed Edmund
  3186 | D:4      | Identified the +0 hand axe "Voc Murei" {flame, +Rage rF+
                  | Dex-3 SInv}
  3200 | D:4      | Killed Edmund
  3498 | D:5      | Entered Level 5 of the Dungeon
  3600 | D:5      | Reached skill level 5 in Earth Magic
  3905 | D:5      | Reached * piety under Nemelex Xobeh
  3964 | D:5      | Found Waohu's Distillery.
  4031 | D:5      | Identified the +5 ring mail of Beogh's Brutal Revenge
                  | {rPois MP-9 Str+4}
  4037 | D:5      | Reached XP level 8. HP: 46/46 MP: 14/14
  4403 | D:6      | Noticed Sigmund
  4406 | D:6      | Killed Sigmund
  4406 | D:6      | Reached skill level 5 in Dodging
  4551 | D:6      | Reached skill level 5 in Spellcasting
  4892 | D:6      | Reached skill level 5 in Invocations
  4892 | D:6      | Reached XP level 9. HP: 33/51 MP: 9/17
  4979 | D:6      | Found a hide-covered altar of Uskayaw.
  5382 | D:7      | Reached ** piety under Nemelex Xobeh
  5707 | D:7      | Identified the -1 quarterstaff "Iguugh" {flame, *Drain rN+
                  | Dex+2}
  6232 | D:8      | Identified the Disquisition on the Birds and Envenoming
  6292 | D:8      | Learned a level 5 spell: Lee's Rapid Deconstruction
  6297 | D:8      | Learned a level 4 spell: Petrify
  6446 | D:8      | Received a gift from Nemelex Xobeh
  6739 | D:8      | Reached *** piety under Nemelex Xobeh
  6950 | D:8      | Received a gift from Nemelex Xobeh
  7258 | D:9      | Found an ornate altar of the Wu Jian Council.
  7408 | D:10     | Entered Level 10 of the Dungeon
  7497 | D:10     | Reached XP level 10. HP: 27/56 MP: 19/19
  7921 | D:9      | Found a staircase to the Orcish Mines.
  8001 | D:9      | Received a gift from Nemelex Xobeh
  8038 | D:9      | Found a glowing silver altar of Zin.
  8443 | D:10     | Noticed a gargoyle
  8446 | D:10     | Killed a gargoyle
  8881 | D:10     | Found a staircase to the Lair.
  9558 | D:10     | Found an ancient bone altar of Kikubaaqudgha.
  9714 | D:10     | Received a gift from Nemelex Xobeh
  9842 | D:10     | Found a portal to a secret trove of treasure.
 10238 | D:11     | Noticed a two-headed ogre
 10244 | D:11     | Killed a two-headed ogre
 10244 | D:11     | Reached XP level 11. HP: 61/61 MP: 19/22
 10266 | D:11     | Paralysed by a hornet for 1 turns
 10271 | D:11     | HP: 2/61 [hornet (6)]
 10274 | D:11     | Mangled by a hornet

Vault maps used:
D:1:      dpeg_arrival_boxorama, minmay_unequal
D:2:      grunt_temple_overflow_open, corexii_corridor_pit, okawaru_gym_becter,
          uniq_terence
D:3:      serial_undead, serial_undead_f, serial_undead_a, serial_undead_b,
          serial_undead_c, first_ration, uniq_robin
D:4:      minmay_temple_entry_antechambers, uniq_edmund
D:5:      serial_shops, nicolae_shop_waterfront
D:6:      kennysheep_mini, lightli_minifort, uniq_sigmund
D:9:      overflow_temple_1_default, zin_scriptorium, david_orc_4, the_bakery
D:10:     grunt_lair_entry_orc_guard_hut, nicolae_trove_entry_path_of_doom,
          basic_altar, kennysheep_cross_bottleneck
D:11:     serial_shops, shop
Temple:   eino_temple_rhombus

Skill      XL: |  1  2  3  4  5  6  7  8  9 10 |
---------------+-------------------------------+-----
Stealth        | 3 4 |  4.7
Dodging        | 3 4 5 7 8 |  8.5
Spellcasting   | 3 4 5 6 7 |  7.8
Earth Magic    | 4 5 6 7 8 |  8.8
Invocations    | 2 3 5 6 8 |  8.3
Transmutations | |  1.0

Action                   |  1- 3 |  4- 6 |  7- 9 | 10-12 || total
-------------------------+-------+-------+-------+-------++-------
Melee: Dagger            |    72 |   128 |   195 |       ||   395
       Constrict         |    17 |    36 |    39 |    11 ||   103
       Tentacles         |     6 |    16 |    41 |    10 ||    73
       Unarmed           |     1 |       |       |       ||     1
       Staff             |       |       |     2 |    69 ||    71
 Cast: Sandblast         |     9 |    19 |    52 |    42 ||   122
       Stone Arrow       |       |       |    13 |    21 ||    34
       Petrify           |       |       |     3 |     4 ||     7
       Lee's Rapid Decon |       |       |       |     7 ||     7
Evoke: Wand              |       |     1 |    22 |     1 ||    24
       Deck              |       |       |    11 |    24 ||    35
  Use: Potion            |     4 |       |     1 |     6 ||    11
       Scroll            |     2 |     1 |    12 |     1 ||    16
 Stab: Sleeping          |     9 |     8 |    14 |     2 ||    33
  Eat: Chunk             |     2 |     5 |    13 |     1 ||    21
       Ration            |       |       |     1 |     2 ||     3
Armor: Skin              |    22 |     9 |    19 |     7 ||    57
Dodge: Dodged            |    58 |    61 |   139 |    81 ||   339

Table legend:
 A = Non-vault XP
 B = Vault XP
 C = Vault XP percentage of total XP
 D = Non-vault monster count
 E = Vault monster count
 F = Vault count percentage of total count
                 A         B        C        D         E       F
            +---------+---------+-------+---------+---------+-------
      Total |    6755 |    2551 |  27.4 |     193 |      48 |  19.9
            +---------+---------+-------+---------+---------+-------
        D:1 |      22 |       4 |  15.4 |      15 |       3 |  16.7
        D:2 |      22 |      30 |  57.7 |       9 |       1 |  10.0
        D:3 |     175 |      41 |  19.0 |      29 |      13 |  31.0
        D:4 |     536 |      83 |  13.4 |      18 |       1 |   5.3
        D:5 |     383 |       0 |   0.0 |      21 |       0 |   0.0
        D:6 |     875 |     369 |  29.7 |      20 |       4 |  16.7
        D:7 |     750 |       0 |   0.0 |      17 |       0 |   0.0
        D:8 |     865 |       0 |   0.0 |      13 |       0 |   0.0
        D:9 |     354 |     776 |  68.7 |      12 |      18 |  60.0
       D:10 |    1833 |    1248 |  40.5 |      36 |       8 |  18.2
       D:11 |     940 |       0 |   0.0 |       3 |       0 |   0.0
            +---------+---------+-------+---------+---------+-------
